 Dungeon Crawl Stone Soup version 0.19-a0-585-ge40200b (webtiles) character file.

121 Delvonshi the Charmwright (level 4, -5/34 HPs)
             Began as a Vampire Skald on June 10, 2016.
             Killed from afar by an orc wizard (10 damage)
             ... with a magic dart
             ... on level 3 of the Dungeon.
             The game lasted 00:04:54 (2093 turns).

Delvonshi the Charmwright (Vampire Skald)           Turns: 2093, Time: 00:04:56

Health: -5/34      AC:  3    Str: 11    XL:     4   Next: 77%
Magic:  2/7        EV: 12    Int: 14    God:
Gold:   80         SH:  0    Dex: 14    Spells: 2 memorised, 4 levels left

rFire  . . .     SeeInvis +     a - +0 short sword
rCold  . . .     Gourm    .     b - +0 leather armour
rNeg   . . .     Faith    .     (no shield)
rPois  .         Spirit   .     (no helmet)
rElec  .         Dismiss  .     (no cloak)
rCorr  .         Reflect  .     (no gloves)
SustAt .         Harm     .     (no boots)
MR     .....                    (no amulet)
Stlth  ++........               (no ring)
                                (no ring)

@: flying, regenerating quickly, slowed, very slow, not resistant to hostile
enchantments, unstealthy
A: fangs 3, see invisible, unbreathing
a: no special abilities


You were on level 3 of the Dungeon.
You were full.

You visited 1 branch of the dungeon, and saw 3 of its levels.

You collected 80 gold pieces.

Inventory:

Hand Weapons
 a - a +0 short sword (weapon)
Armour
 b - a +0 leather armour (worn)
 o - a +0 ring mail of fire resistance
Jewellery
 m - a cursed ring of loudness {unknown}
Scrolls
 e - a scroll of enchant weapon {unknown}
 h - a scroll of enchant armour {unknown}
 i - 4 scrolls of identify {unknown}
 j - a scroll of immolation {unknown}
 l - a scroll of noise {unknown}
 n - a scroll of remove curse {unknown}
Potions
 d - 4 potions of blood
 f - a potion of flight
 g - 2 potions of resistance {unknown}
 k - 2 potions of curing {unknown}
Books
 c - a book of Battle

   Spells                             Type                      Level
   a - Infusion                       Charms                       1
   b - Shroud of Golubria             Charms/Translocation         2
   c - Song of Slaying                Charms                       2
   d - Spectral Weapon                Hexes/Charms                 3
   e - Regeneration                   Charms/Necromancy            3


   Skills:
 + Level 2.4 Fighting
 + Level 3.3 Short Blades
 - Level 0.7 Armour
 + Level 2.5 Dodging
 + Level 2.7 Stealth
 - Level 2.0 Spellcasting
 + Level 3.8 Charms


You had 4 spell levels left.
You knew the following spells:

 Your Spells              Type           Power        Failure   Level  Hunger
a - Infusion              Chrm           ##..         10%         1    ##.....
b - Shroud of Golubria    Chrm/Tloc      #.........   24%         2    ###....


Dungeon Overview and Level Annotations

Branches:
Dungeon (3/15)

Altars:
Kikubaaqudgha
Xom


Innate Abilities, Weirdness & Mutations

Your natural rate of healing is unusually fast.
You have razor-sharp teeth.
You have supernaturally acute eyesight. (SInv)
You can survive without breathing.


Message History

You hit the orc wizard.
The orc wizard is heavily wounded.
The orc wizard barely misses you. The orc wizard misses you.
You closely miss the orc wizard. Your bite misses the orc wizard.
The orc wizard is heavily wounded.
The orc wizard points at you and mumbles some strange words.
The magic dart hits you!
* * * LOW HITPOINT WARNING * * *
The orc wizard hits you but does no damage.
You hit the orc wizard but do no damage.
You bite the orc wizard, but do no damage.
The orc wizard is heavily wounded.
The orc wizard hits you but does no damage.
The orc wizard closely misses you.
It was a potion of flight.
You feel very buoyant.
You fly up into the air.
The orc wizard casts a spell at you. The magic dart hits you!
You die...

.oo##########
.o.......o..##############
...########..............#
#####)...>.....#
#.@o.......# ###.########
#.# #.# ##.# #..# #.##
####.# #....#


You could see an orc wizard.

Vanquished Creatures
  An orc priest (D:3)
  Jessica (D:2)
  An adder (D:2)
  An ooze (D:2)
  A worm (D:3)
  3 dart slugs
  2 giant geckos
  An orc (D:3)
  4 bats
  A giant cockroach (D:1)
  4 goblins
  4 hobgoblins (D:1)
  A ball python (D:3)
  5 giant newts
  7 kobolds
  5 rats
42 creatures vanquished.

Notes
Turn   | Place    | Note
--------------------------------------------------------------
     0 | D:1      | Delvonshi the Vampire Skald began the quest for the Orb.
     0 | D:1      | Reached XP level 1. HP: 16/16 MP: 3/3
   133 | D:1      | Reached XP level 2. HP: 20/22 MP: 5/5
   211 | D:1      | Learned a level 2 spell: Shroud of Golubria
   932 | D:2      | Found a shimmering altar of Xom.
   947 | D:2      | Found a shimmering altar of Xom.
   955 | D:2      | Found a shimmering altar of Xom.
   955 | D:2      | Found a shimmering altar of Xom.
   956 | D:2      | Found a shimmering altar of Xom.
  1070 | D:2      | Reached XP level 3. HP: 13/27 MP: 3/6
  1376 | D:2      | Reached skill level 1 in Stealth
  1380 | D:2      | Noticed Jessica
  1386 | D:2      | Killed Jessica
  1449 | D:2      | Reached XP level 4. HP: 23/33 MP: 5/7
  1797 | D:2      | Found an ancient bone altar of Kikubaaqudgha.
  2093 | D:3      | Killed from afar by an orc wizard

Vault maps used:
D:1:      saegor_arrival_simple_f, hex_tiny, minmay_stone_trees_small,
          minmay_hedge_maze
D:2:      xom_redecorated, kiku_gazebo_garden_becter, serial_aquarium,
          aquarium_bridge_straight, aquarium_bridge_long_joined,
          aquarium_window_fake, aquarium_window_double, aquarium_window_fake,
          aquarium_view_2c, corner_web_ring, uniq_jessica
D:3:      nicolae_overflow_hidden_temple, bloody_trog, minmay_misc_feat_hallway

Skill      XL: |  1  2  3 |
---------------+----------+-----
Fighting       | 2 |  2.4
Dodging        | 2 |  2.5
Stealth        | 2 |  2.7
Short Blades   | 3 |  3.3
Armour         | |  0.7
Spellcasting   | |  2.0
Charms         | |  3.8

Action                   |  1- 3 |  4- 6 || total
-------------------------+-------+-------++-------
Melee: Short sword       |    92 |    79 ||   171
       Bite              |     7 |    10 ||    17
 Cast: Infusion          |     2 |     3 ||     5
       Shroud of Golubri |     1 |       ||     1
  Use: Potion            |       |     1 ||     1
 Stab: Distracted        |       |     1 ||     1
  Eat: Corpse            |     4 |     6 ||    10
Armor: Leather armour    |    18 |    27 ||    45
Dodge: Dodged            |    69 |    56 ||   125
